 Dungeon Crawl Stone Soup version 0.29-a0-322-g68df515428 (webtiles) character file.

Game seed: 1434401317896960343

97182 Westside the Bludgeoner (level 15, 0/136 HPs)
             Began as a Minotaur Fighter on Apr 6, 2022.
             Was the Champion of Trog.
             Killed from afar by a deep elf zephyrmancer (33 damage)
             ... with a bolt of lightning
             ... on level 1 of the Elven Halls.
             The game lasted 01:25:10 (32535 turns).

Westside the Bludgeoner (Minotaur Fighter)         Turns: 32535, Time: 01:25:11

Health: 0/136      AC: 32    Str: 26    XL:     15   Next: 71%
Magic:  14/14      EV: 25    Int:  5    God:    Trog [******]
Gold:   820        SH:  4    Dex: 18    Spells: 14/14 levels left

rFire   + . .      SeeInvis .   L - +6 dire flail (flame)
rCold   + . .      Faith    .   (shield currently unavailable)
rNeg    . . .      Spirit   .   A - +2 plate armour {rF+}
rPois   .          Reflect  .   t - +1 hat
rElec   .          Harm     .   f - +0 cloak
rCorr   .          Rampage  .   c - +1 pair of gloves {infuse}
Will    +....      Rage     3%  p - +2 pair of boots
Stlth   ..........              H - amulet of the acrobat
HPRegen 0.32/turn               s - +6 ring of dexterity
MPRegen 0.14/turn               v - +4 ring of protection

@: acrobatic
A: horns 2, retaliatory headbutt, large bone plates 1, berserk 2, cold
resistance 1
a: Renounce Religion, Berserk, Trog's Hand, Brothers in Arms


You were on level 1 of the Elven Halls.
You worshipped Trog.
Trog was exalted by your worship.
You visited 5 branches of the dungeon, and saw 20 of its levels.

You collected 2015 gold pieces.
You spent 1195 gold pieces at shops.

Inventory:

Hand Weapons
 L - a +6 dire flail of flaming (weapon)
Missiles
 g - 29 poisoned darts (quivered)
Armour
 c - a +1 pair of gloves of infusion (worn)
 f - a +0 cloak (worn)
 p - a +2 pair of boots (worn)
 t - a +1 hat (worn)
 A - a +2 plate armour of fire resistance (worn)
Jewellery
 s - a +6 ring of dexterity (left hand)
 v - a +4 ring of protection (right hand)
 y - an amulet of magic regeneration
 B - a ring of willpower
 D - an amulet of faith
 H - an amulet of the acrobat (around neck)
Wands
 b - a wand of polymorph (14)
 m - a wand of paralysis (5)
 x - a wand of acid (4)
 F - a wand of charming (3)
Scrolls
 e - 6 scrolls of teleportation
 h - a scroll of enchant weapon
 i - a scroll of blinking
 l - 4 scrolls of immolation
 n - 2 scrolls of holy word
 q - 3 scrolls of fog
 z - 6 scrolls of magic mapping
 G - 2 scrolls of brand weapon
 J - 2 scrolls of identify
Potions
 a - 3 potions of curing
 d - 4 potions of might
 j - 2 potions of flight
 o - a potion of berserk rage
 r - 4 potions of magic
 u - a potion of haste
 w - a potion of brilliance
 I - 2 potions of heal wounds


   Skills:
 + Level 13.5 Fighting
 + Level 1.1(1.5) Short Blades
 + Level 1.6(1.9) Long Blades
 + Level 1.6(11.0) Axes
 + Level 16.6 Maces & Flails
 + Level 1.2(2.0) Polearms
 + Level 1.2(10.9) Staves
 + Level 1.1(7.2) Slings
 + Level 1.2 Bows
 + Level 1.1 Crossbows
 + Level 10.4 Throwing
 + Level 15.4 Armour
 + Level 3.7 Dodging
 + Level 2.1 Stealth
 + Level 13.9 Shields
 + Level 1.1 Unarmed Combat
 + Level 1.0 Invocations
 + Level 1.8 Evocations


You had 14 spell levels left.
You didn't know any spells.
Your spell library contained the following spells:

 Spells                   Type           Power      Damage    Failure   Level
 Beastly Appendage        Tmut           0%         N/A       98%         1
 Wereblood                Tmut           0%         N/A       99%         2
 Spider Form              Tmut/Pois      0%         N/A       100%        3
 Fulminant Prism          Conj/Hex       0%         3d6       100%        4
 Iskenderun's Mystic Bla  Conj/Tloc      0%         2d3       100%        4
 Fireball                 Conj/Fire      0%         3d3       100%        5
 Lee's Rapid Deconstruct  Erth           0%         3d5*      100%        5
 Starburst                Conj/Fire      0%         6d3       100%        6
 Ignition                 Fire           0%         3d3       100%        8


Dungeon Overview and Level Annotations

Branches:
Dungeon (10/15)            Temple (1/1) D:7            Lair (6/6) D:8
 Shoals (0/4) Lair:4       Spider (0/4) Lair:2        Slime (0/5) Lair:5
    Orc (2/2) D:9             Elf (1/3) Orc:2

Altars:
Ashenzari
Cheibriados
Dithmenos
Elyvilon
Fedhas
Gozag
Hepliaklqana
Kikubaaqudgha
Makhleb
Nemelex Xobeh
Okawaru
Qazlal
Ru
Sif Muna
Trog
Uskayaw
Vehumet
Wu Jian
Xom
Yredelemnul
Zin
The Shining One
Jiyva

Shops:
D:4 (   Orc:2 [!:


Innate Abilities, Weirdness & Mutations

You have a pair of horns on your head.
You reflexively headbutt those who attack you in melee.
You are partially covered in large bone plates. (SH +4)
You often lose your temper in combat.
Your flesh is cold resistant. (rC+)


Message History

The deep elf pyromancer blinks!
You throw a poisoned dart.
The poisoned dart hits the deep elf zephyrmancer!!
The deep elf zephyrmancer looks as sick as possible!
The deep elf zephyrmancer is lightly wounded.
The deep elf zephyrmancer mumbles some strange words.
The deep elf zephyrmancer blinks!
You throw a poisoned dart.
The poisoned dart hits the deep elf zephyrmancer!!
The deep elf zephyrmancer looks as sick as possible!
The deep elf zephyrmancer is lightly wounded.
You throw a poisoned dart.
The poisoned dart hits the deep elf zephyrmancer.
The deep elf zephyrmancer is lightly wounded.
You throw a poisoned dart.
The poisoned dart hits the deep elf zephyrmancer!!
The deep elf zephyrmancer looks as sick as possible!
The deep elf zephyrmancer is lightly wounded.
The deep elf zephyrmancer points at you and mumbles some strange words.
The bolt of lightning hits you!! The bolt of lightning misses you.
You throw a poisoned dart.
The poisoned dart hits the deep elf zephyrmancer.
The deep elf zephyrmancer looks as sick as possible!
The deep elf zephyrmancer is lightly wounded.
The deep elf zephyrmancer points at you and mumbles some strange words.
The bolt of lightning hits you! The bolt of lightning hits you!!
You throw a poisoned dart.
The poisoned dart hits the deep elf zephyrmancer!
The deep elf zephyrmancer looks as sick as possible!
The deep elf zephyrmancer is moderately wounded.
You throw a poisoned dart.
The poisoned dart barely misses the deep elf zephyrmancer.
The deep elf zephyrmancer gestures at you while chanting.
The bolt of lightning hits you! The bolt of lightning hits you!!
* * * LOW HITPOINT WARNING * * *
The deep elf pyromancer gestures at you while chanting.
The bolt of fire misses you.
The deep elf zephyrmancer points at you and mumbles some strange words.
The bolt of lightning hits you!!
You die... #)# .e..#. ##)## 8.e.. #...# .(.. #..[# ee.

#.8)# . .E #...#
..####(####.# #[..#
.....e......# #)8.#
.....e## #.#####@..#
######.###...#.'...#
#..###..###.#.####
#.#...#..#..).e(.###
#.###.#..#.(....(.(#
#..^.......e..(....#
########..#....(##.#
#...(.(...#.#
#...(...>.(.#


You could see a deep elf pyromancer (very poisoned) and a deep elf zephyrmancer
(extremely poisoned).

Vanquished Creatures
  6 hydras
  A boulder beetle (Lair:2)
  A merfolk avatar (Lair:6)
  2 two-headed ogres
  Erica (Lair:2)
  3 dancing weapons (Elf:1)
  A catoblepas (Lair:5)
  8 death yaks
  2 orc high priests
  Sonja (Lair:5)
  A deep elf knight (Elf:1)
  3 sea snakes (Lair:6)
  2 deep elf archers (Elf:1)
  3 harpies (Lair:6)
  2 deep elf pyromancers (Elf:1)
  4 deep elf zephyrmancers (Elf:1)
  5 orc sorcerers
  14 elephants
  3 manticores
  A molten gargoyle (Lair:6)
  A gargoyle (D:7)
  7 black mambas
  9 cane toads
  Maggie (Lair:1)
  2 rime drakes (Lair:6)
  11 komodo dragons
  8 polar bears
  6 trolls
  A hornet (Lair:6)
  A wind drake (Lair:4)
  18 blink frogs
  Grinder (D:5)
  9 dream sheep
  An air elemental (Elf:1)
  A wraith (D:10)
  8 wyverns
  38 yaks
  7 basilisks
  4 steam dragons
  3 wargs
  14 water moccasins
  An acid dragon (D:9)
  27 orc warriors
  3 ice beasts
  2 sky beasts
  12 wolves
  6 ogres
  5 centaurs
  A phantom (D:5)
  15 kobold brigands
  13 bullfrogs
  2 necrophages (D:7)
  3 scorpions
  17 killer bees
  2 howler monkeys
  19 orc priests
  3 hounds
  A gnoll shaman (D:9)
  3 jellies
  An iguana (D:5)
  41 orc wizards
  8 hell rats (Lair:1)
  14 gnolls
  6 river rats (Lair:1)
  3 adders
  3 shadow imps
  A white imp (D:6)
  An ufetubus (D:4)
  6 worms
  4 dart slugs
  80 orcs
  10 endoplasms
  2 giant cockroaches (Lair:2)
  11 goblins
  9 hobgoblins
  3 jackals (D:1)
  23 kobolds
  5 quokkas
  6 ball pythons
  8 bats
  4 frilled lizards
  3 rats
602 creatures vanquished.

Vanquished Creatures (others)
  An orc priest (Orc:2)
  2 orc wizards
  A bush (Lair:6)
  31 fungi
  73 plants
108 creatures vanquished.

Grand Total: 710 creatures vanquished

Notes
Turn   | Place    | Note
-------+----------+-------------------------------------------
     0 | D:1      | Westside the Minotaur Fighter began the quest for the Orb.
     0 | D:1      | Reached XP level 1. HP: 19/19 MP: 0/0
   229 | D:1      | Reached XP level 2. HP: 25/27 MP: 1/1
   301 | D:1      | Found a faded altar of an unknown god.
   802 | D:2      | Reached XP level 3. HP: 28/33 MP: 2/2
   805 | D:2      | Reached skill level 3 in Maces & Flails
  1944 | D:3      | Gained mutation: You tend to lose your temper in combat.
                  | [potion of mutation]
  1944 | D:3      | Gained mutation: You are partially covered in large bone
                  | plates. (SH +4) [potion of mutation]
  1944 | D:3      | Gained mutation: Your flesh is cold resistant. (rC+)
                  | [potion of mutation]
  2093 | D:3      | Reached XP level 4. HP: 40/40 MP: 3/3
  2193 | D:3      | Found a glowing golden altar of the Shining One.
  2230 | D:3      | Reached skill level 4 in Maces & Flails
  2571 | D:3      | Reached XP level 5. HP: 46/47 MP: 4/4
  2990 | D:4      | Noticed a centaur
  3003 | D:4      | Killed a centaur
  3004 | D:4      | Reached skill level 5 in Maces & Flails
  3308 | D:4      | Found Tyvusyho's Antique Weapon Emporium.
  3925 | D:5      | Entered Level 5 of the Dungeon
  4039 | D:5      | Reached skill level 5 in Armour
  4039 | D:5      | Reached XP level 6. HP: 53/53 MP: 5/5
  4281 | D:5      | Reached skill level 5 in Shields
  4512 | D:5      | Reached skill level 5 in Fighting
  4523 | D:5      | Reached skill level 6 in Maces & Flails
  4523 | D:5      | Reached XP level 7. HP: 60/61 MP: 6/6
  4596 | D:5      | Noticed Grinder
  4612 | D:5      | Killed Grinder
  4633 | D:5      | Identified the +1 robe "Duimadghe" {Will+ Dex+2 SInv}
  5335 | D:6      | Noticed a troll
  5346 | D:6      | Killed a troll
  5347 | D:6      | Reached skill level 7 in Maces & Flails
  5347 | D:6      | Reached XP level 8. HP: 33/70 MP: 7/7
  5527 | D:6      | Reached skill level 8 in Maces & Flails
  5777 | D:6      | Reached skill level 1 in Dodging
  6002 | D:6      | Reached skill level 9 in Maces & Flails
  6399 | D:6      | Reached XP level 9. HP: 75/75 MP: 8/8
  6713 | D:7      | You fall into a shaft and drop 3 floors!
  6713 | D:10     | Entered Level 10 of the Dungeon
  6795 | D:10     | Reached skill level 10 in Maces & Flails
  7852 | D:10     | Reached skill level 11 in Maces & Flails
  8357 | D:9      | Found a white marble altar of Elyvilon.
  8372 | D:9      | Reached XP level 10. HP: 86/86 MP: 9/9
  8566 | D:7      | Noticed a gargoyle
  8574 | D:7      | Killed a gargoyle
  8575 | D:7      | Reached skill level 1 in Stealth
  8706 | D:7      | Noticed a two-headed ogre
  9067 | D:7      | Killed a two-headed ogre
  9068 | D:7      | Reached skill level 1 in Throwing
  9452 | D:7      | Reached skill level 12 in Maces & Flails
  9731 | D:7      | Found a staircase to the Ecumenical Temple.
  9784 | Temple   | Entered the Ecumenical Temple
 10121 | Temple   | Became a worshipper of Trog the Wrathful
 11650 | D:8      | Reached skill level 10 in Armour
 11662 | D:8      | Found a staircase to the Lair.
 11955 | D:9      | Reached * piety under Trog
 12185 | D:9      | Found a staircase to the Orcish Mines.
 12329 | D:9      | Reached ** piety under Trog
 12471 | D:9      | Reached XP level 11. HP: 59/95 MP: 10/10
 13201 | D:9      | Reached *** piety under Trog
 13224 | D:9      | Noticed a sixfirhy
 13239 | D:9      | HP: 3/95 [sixfirhy[a kobold demonologist] (9)]
 13720 | Lair:1   | Entered Level 1 of the Lair of Beasts
 13933 | Lair:1   | Reached skill level 10 in Shields
 13949 | Lair:1   | Reached skill level 13 in Maces & Flails
 14973 | Lair:1   | Noticed Maggie
 14980 | Lair:1   | Killed Maggie
 14980 | Lair:1   | Reached **** piety under Trog
 15238 | Lair:2   | Noticed a boulder beetle
 15253 | Lair:2   | Killed a boulder beetle
 15647 | Lair:2   | Noticed Erica
 15665 | Lair:2   | Killed Erica
 15747 | Lair:2   | Reached skill level 14 in Maces & Flails
 16430 | Lair:2   | Found a hole to the Spider Nest.
 16488 | Lair:2   | Reached XP level 12. HP: 97/106 MP: 11/11
 16983 | Lair:2   | Reached skill level 10 in Fighting
 17702 | Lair:3   | Noticed a five-headed hydra
 17702 | Lair:3   | Noticed a death yak
 17702 | Lair:3   | Noticed a death yak
 17702 | Lair:3   | Noticed a death yak
 17719 | Lair:3   | Killed a death yak
 17721 | Lair:3   | Killed a death yak
 17735 | Lair:3   | Killed a death yak
 17744 | Lair:3   | Killed a five-headed hydra
 18103 | Lair:3   | Noticed a four-headed hydra
 18107 | Lair:3   | Reached skill level 15 in Maces & Flails
 18114 | Lair:3   | Killed a four-headed hydra
 18451 | Lair:4   | Found a gate leading to a gauntlet.
 18492 | Lair:4   | Noticed a four-headed hydra
 18497 | Lair:4   | Killed a four-headed hydra
 18497 | Lair:4   | Reached ***** piety under Trog
 18631 | Lair:4   | Noticed a six-headed hydra
 18642 | Lair:4   | Killed a six-headed hydra
 18859 | Lair:4   | Found a staircase to the Shoals.
 19243 | Lair:4   | Reached XP level 13. HP: 116/116 MP: 12/12
 19751 | Lair:5   | Noticed Sonja
 19762 | Lair:5   | Killed Sonja
 19988 | Lair:5   | Reached skill level 5 in Throwing
 20611 | Lair:5   | Found a viscous altar of Jiyva.
 20611 | Lair:5   | Found a staircase to the Slime Pits.
 21349 | Lair:6   | Entered Level 6 of the Lair of Beasts
 21583 | Lair:6   | Received a gift from Trog
 23116 | Lair:6   | Reached XP level 14. HP: 88/127 MP: 13/13
 23638 | Lair:6   | Reached skill level 16 in Maces & Flails
 25034 | D:9      | Reached skill level 1 in Short Blades
 25034 | D:9      | Reached skill level 1 in Long Blades
 25034 | D:9      | Reached skill level 1 in Axes
 25034 | D:9      | Reached skill level 1 in Polearms
 25034 | D:9      | Reached skill level 1 in Staves
 25034 | D:9      | Reached skill level 1 in Slings
 25034 | D:9      | Reached skill level 1 in Bows
 25034 | D:9      | Reached skill level 1 in Crossbows
 25034 | D:9      | Reached skill level 15 in Armour
 25034 | D:9      | Reached skill level 1 in Unarmed Combat
 25034 | D:9      | Reached skill level 1 in Invocations
 25034 | D:9      | Reached skill level 1 in Evocations
 25034 | D:9      | Reached XP level 15. HP: 134/134 MP: 14/14
 25044 | Orc:1    | Entered Level 1 of the Orcish Mines
 25766 | Orc:2    | Entered Level 2 of the Orcish Mines
 25811 | Orc:2    | Reached ****** piety under Trog
 25998 | Orc:2    | Received a gift from Trog
 26036 | Orc:2    | Found a staircase to the Elven Halls.
 26495 | Orc:2    | Paralysed by an orc sorcerer for 2 turns
 30399 | Orc:2    | Gained mutation: You often lose your temper in combat. [a
                  | neqoxec]
 30456 | Orc:2    | Found Mufust's Book Boutique.
 30456 | Orc:2    | Found Gomuesh's Distillery.
 30458 | Orc:2    | Found Wien's Antique Armour Shop.
 30464 | Orc:2    | Found Xizxam's Weapon Shop.
 30476 | Orc:2    | Bought a potion of heal wounds for 80 gold pieces
 30476 | Orc:2    | Bought a potion of curing for 48 gold pieces
 30476 | Orc:2    | Bought a potion of curing for 48 gold pieces
 30476 | Orc:2    | Bought a potion of curing for 48 gold pieces
 30477 | Orc:2    | Bought a pair of glowing gloves for 217 gold pieces
 30477 | Orc:2    | Bought a runed plate armour for 754 gold pieces
 30692 | Elf:1    | Entered Level 1 of the Elven Halls
 31664 | Elf:1    | Reached skill level 10 in Throwing
 32080 | Elf:1    | Received a gift from Trog
 32450 | Elf:1    | Paralysed by an air elemental for 1 turns
 32535 | Elf:1    | Killed from afar by a deep elf zephyrmancer

Illustrated notes

Levels and vault maps discovered:
D:1:      shiori_arrival_oz, layout_basic, hellmonk_ecumenical_altar_dog_temple,
          chequers_serial_rivers_micro_e, minmay_pentomino_w4
D:2:      layout_basic
D:3:      layout_basic, mainiacjoe_overflow_24_doors, hex_large,
          minmay_misc_feat_x, chequers_serial_rivers_micro_c,
          wander_ebering_terrifying_dragon_lair
D:4:      layout_cave_pods, kennysheep_small_square
D:5:      layout_cave_pods, minivault_25, roderic_lattice_a, eino_tiny_chamber,
          uniq_grinder
D:6:      cheibrodos_iron_armory, layout_loops_corners, minivault_23,
          minmay_misc_feat_diagonals, minmay_bent
D:7:      layout_gridville, temple_hall
D:8:      layout_loops_ring, erik_lair_orcish_takeover, amethyst_killhole
D:9:      layout_roguey, elyvilon_altar_1, hiddenorc2_lemuel, special_room
          [special_room_kobold], lightli_bailey_entry_fortress
D:10:     layout_loops_corners, grunt_ministairs_11
Temple:   mainiacjoe_temple_cubbyholes
Lair:1:   layout_loops_ring, kennysheep_abandoned_house, uniq_maggie
Lair:2:   layout_cave_pods, nicolae_spider_entry_non_spiders,
          infiniplex_staircase_pool, lemuel_fruit_fields, uniq_erica
Lair:3:   layout_concentric_octagons, minmay_shattered_shrine
Lair:4:   layout_roguey, minmay_shoals_entry_beasts, gauntlet_entry_generic
Lair:5:   layout_cave_pods, dpeg_slime_entry_enclosed_altar, uniq_sonja
Lair:6:   gammafunk_lair_ancient_temple, layout_gridlike
Orc:1:    layout_caves
Orc:2:    st_orc_mages, layout_diamond_mine
Elf:1:    elf_arrival_001, layout_loops_cross, minivault_28

Skill      XL: |  1  2  3  4  5  6  7  8  9 10 11 12 13 14 15 |
---------------+----------------------------------------------+-----
Armour         | 4 5 6 7 8 10 12 13 14 15 | 15.4
Fighting       | 4 5 6 7 8 9 11 12 13 | 13.5
Maces & Flails | 3 4 5 6 7 9 11 12 14 15 16 | 16.6
Shields        | 4 5 6 7 8 9 11 12 13 | 13.9
Dodging        | 1 2 3 |  3.7
Stealth        | 1 2 |  2.1
Throwing       | 2 3 4 8 10 | 10.4
Short Blades   | 1 |  1.1
Long Blades    | 1 |  1.6
Axes           | 1 |  1.6
Polearms       | 1 |  1.2
Staves         | 1 |  1.2
Slings         | 1 |  1.1
Bows           | 1 |  1.2
Crossbows      | 1 |  1.1
Unarmed Combat | 1 |  1.1
Invocations    | 1 |  1.0
Evocations     | 1 |  1.8

Action                   |  1- 3 |  4- 6 |  7- 9 | 10-12 | 13-15 || total
-------------------------+-------+-------+-------+-------+-------++-------
Melee: Flail             |    85 |   137 |   248 |   857 |   147 ||  1474
       Headbutt          |     7 |    15 |    51 |   217 |   149 ||   439
       Dire flail        |       |       |       |       |   461 ||   461
Throw: Dart              |       |       |       |   118 |   395 ||   513
       Boomerang         |       |       |       |       |    96 ||    96
Evoke: Wand              |       |       |       |       |    15 ||    15
  Use: Potion            |     6 |       |     5 |     4 |     6 ||    21
       Scroll            |     3 |       |     5 |    10 |     6 ||    24
Armor: Scale mail        |    35 |       |       |       |       ||    35
       Plate armour      |       |    88 |   117 |   411 |   310 ||   926
       Skin              |       |       |       |     5 |       ||     5
Dodge: Dodged            |    33 |    37 |    56 |   162 |   261 ||   549
Block: Buckler           |    19 |    74 |   122 |   415 |    85 ||   715
       Other             |       |       |       |       |    55 ||    55

Table legend: (Time is in decaauts)
 A = Elapsed time spent in this place.
 B = Non-inter-level travel time spent in this place.
 C = Inter-level travel time spent in this place.
 D = Time resting spent in this place.
 E = Time spent auto-exploring this place.
 F = Levels seen in this place.
 G = Mean time per level.
                   A        B        C        D        E       F      G
               +--------+--------+--------+--------+--------+-----+--------+
         Total |  32378 |  31612 |    766 |  11224 |  15897 |  20 | 1618.9 |
       Dungeon |  13514 |  13078 |    436 |   2650 |   8356 |  10 | 1351.4 |
        Temple |    386 |    337 |     49 |      0 |    287 |   1 |  386.0 |
          Lair |  11165 |  10932 |    233 |   3310 |   6049 |   6 | 1860.8 |
  Orcish Mines |   6827 |   6790 |     37 |   5263 |   1008 |   2 | 3413.5 |
   Elven Halls |    484 |    476 |      8 |      0 |    197 |   1 |  484.0 |
               +--------+--------+--------+--------+--------+-----+--------+

Top non-repeatable levels by time:
   Orc:1: 4539 daAuts
  Lair:6: 3346 daAuts
   Orc:2: 2288 daAuts
     D:8: 2030 daAuts
  Lair:5: 1985 daAuts
     D:6: 1805 daAuts
  Lair:1: 1722 daAuts
  Lair:2: 1717 daAuts
    D:10: 1577 daAuts
     D:9: 1567 daAuts
  Lair:4: 1318 daAuts
     D:7: 1310 daAuts
     D:5: 1267 daAuts
     D:2: 1149 daAuts
  Lair:3: 1075 daAuts
